 Dungeon Crawl Stone Soup version 0.23.2-33-g5129a83184 (webtiles) character file.

Game seed: 15987620437533471349

283 troglodite the Sneak (level 6, -5/50 HPs)
             Began as a Gnoll Wanderer on July 6, 2019.
             Slain by an iguana (8 damage)
             ... on level 4 of the Dungeon.
             The game lasted 00:10:08 (3624 turns).

troglodite the Sneak (Gnoll Wanderer)               Turns: 3624, Time: 00:10:09

Health: -5/50      AC:  6    Str: 12    XL:     6   Next: 28%
Magic:  8/8        EV: 13    Int: 15    God:
Gold:   104        SH:  0    Dex: 18    Spells: 8/8 levels left

rFire    . . .     SeeInvis +   p - +0 trident
rCold    . . .     Gourm    .   (no shield)
rNeg     . . .     Faith    .   b - +2 leather armour
rPois    .         Spirit   .   (no helmet)
rElec    .         Reflect  .   d - +0 cloak
rCorr    .         Harm     .   (no gloves)
MR       .....                  (no boots)
Stlth    +++.......             (no amulet)
HPRegen  0.16/turn              q - ring of see invisible
MPRegen  0.11/turn              (no ring)

@: no status effects
A: distributed training, fangs 1, strong nose
a: no special abilities


You were on level 4 of the Dungeon.
You were near starving.

You visited 1 branch of the dungeon, and saw 4 of its levels.

You collected 104 gold pieces.

Inventory:

Hand Weapons
 p - a +0 trident (weapon)
Missiles
 g - 7 tomahawks (quivered)
Armour
 b - a +2 leather armour (worn)
 d - a +0 cloak (worn)
Jewellery
 q - a ring of see invisible (left hand)
Wands
 m - a wand of paralysis (9)
Scrolls
 h - 4 scrolls of identify {unknown}
 k - a scroll of amnesia {unknown}
 l - 2 scrolls of remove curse {unknown}
 n - 2 scrolls of magic mapping {unknown}
 o - 2 scrolls of fog {unknown}
Potions
 a - a potion of brilliance {unknown}
 c - 3 potions of curing
 e - a potion of cancellation {unknown}
 j - a potion of berserk rage {unknown}
Comestibles
 f - 7 rations


   Skills:
 + Level 4.9 Fighting
 + Level 1.8 Short Blades
 + Level 1.8 Long Blades
 + Level 1.8 Axes
 + Level 1.8 Maces & Flails
 + Level 3.2 Polearms
 + Level 1.8 Staves
 + Level 1.8 Slings
 + Level 3.2 Bows
 + Level 1.8 Crossbows
 + Level 1.8 Throwing
 + Level 3.2 Armour
 + Level 3.2 Dodging
 + Level 6.2 Stealth
 + Level 1.8 Shields
 + Level 1.8 Unarmed Combat
 + Level 1.8 Spellcasting
 + Level 1.4 Conjurations
 + Level 1.4 Hexes
 + Level 1.4 Charms
 + Level 1.4 Summonings
 + Level 1.4 Necromancy
 + Level 1.4 Translocations
 + Level 1.4 Transmutations
 + Level 1.4 Fire Magic
 + Level 1.4 Ice Magic
 + Level 1.4 Air Magic
 + Level 1.4 Earth Magic
 + Level 1.4 Poison Magic
 + Level 2.0 Invocations
 + Level 3.2 Evocations


You had 8 spell levels left.
You didn't know any spells.
Your spell library was empty.

Dungeon Overview and Level Annotations

Branches:
Dungeon (4/15)
 Temple: D:4-7

Altars:
Gozag
Okawaru
Ru
Trog


Innate Abilities, Weirdness & Mutations

Your experience applies equally to all skills.
You have very sharp teeth.
Your uncanny sense of smell can sniff out nearby items.


Message History

The iguana bites you.
You barely miss the iguana. You bite the iguana, but do no damage.
The iguana is moderately wounded.
The iguana bites you!
You hit the iguana. Your bite misses the iguana.
The iguana is moderately wounded.
The iguana bites you but does no damage.
You puncture the iguana!
The iguana is almost dead.
The iguana bites you.
* * * LOW HITPOINT WARNING * * *
An orc comes into view. It is wielding a -1 club.
You barely miss the iguana.
The iguana is almost dead.
The iguana closely misses you. The iguana bites you!
* * * LOW HITPOINT WARNING * * *
You hit the iguana but do no damage.
The iguana is almost dead.
The iguana bites you!
You die...

#. #.# #.########
# #.# #......... +
..# #..#######
.....#####..#....
.!................
......###.#.#..#..
..(.. #.#.#..#
.....o###.#.# ...
....ool@..#.# ###
.o...o#####.#
...$. .# .... ...
.. .


You could see an iguana and 5 orcs.

Vanquished Creatures
  A phantom (D:4)
  3 gnolls (D:3)
  9 adders
  2 oozes
  4 worms
  A dart slug (D:2)
  2 leopard geckos
  5 orcs (D:3)
  3 giant cockroaches
  4 goblins (D:1)
  5 hobgoblins
  10 kobolds
  2 quokkas
  7 bats
  4 frilled lizards
  5 rats
67 creatures vanquished.

Notes
Turn   | Place    | Note
-------+----------+-------------------------------------------
     0 | D:1      | troglodite the Gnoll Wanderer began the quest for the Orb.
     0 | D:1      | troglodite set off with the following items: a +0 spear, a
                  | +2 leather armour, a potion of curing, a +0 dagger, a
                  | ration
     0 | D:1      | Reached XP level 1. HP: 20/20 MP: 2/2
   163 | D:1      | Reached XP level 2. HP: 17/26 MP: 3/3
  1031 | D:2      | Reached XP level 3. HP: 27/31 MP: 4/4
  1075 | D:2      | Reached skill level 6 in Stealth
  1104 | D:2      | Reached skill level 1 in Invocations
  1228 | D:2      | Reached skill level 1 in Short Blades
  1228 | D:2      | Reached skill level 1 in Long Blades
  1228 | D:2      | Reached skill level 1 in Axes
  1228 | D:2      | Reached skill level 1 in Maces & Flails
  1228 | D:2      | Reached skill level 1 in Staves
  1228 | D:2      | Reached skill level 1 in Slings
  1228 | D:2      | Reached skill level 1 in Crossbows
  1228 | D:2      | Reached skill level 1 in Throwing
  1228 | D:2      | Reached skill level 1 in Shields
  1228 | D:2      | Reached skill level 1 in Unarmed Combat
  1228 | D:2      | Reached skill level 1 in Spellcasting
  1522 | D:2      | Reached XP level 4. HP: 35/38 MP: 6/6
  1667 | D:2      | Reached skill level 1 in Conjurations
  1667 | D:2      | Reached skill level 1 in Hexes
  1667 | D:2      | Reached skill level 1 in Charms
  1667 | D:2      | Reached skill level 1 in Summonings
  1667 | D:2      | Reached skill level 1 in Necromancy
  1667 | D:2      | Reached skill level 1 in Translocations
  1667 | D:2      | Reached skill level 1 in Transmutations
  1667 | D:2      | Reached skill level 1 in Fire Magic
  1667 | D:2      | Reached skill level 1 in Ice Magic
  1667 | D:2      | Reached skill level 1 in Air Magic
  1667 | D:2      | Reached skill level 1 in Earth Magic
  1667 | D:2      | Reached skill level 1 in Poison Magic
  1847 | D:2      | Found a bloodstained altar of Trog.
  1923 | D:2      | Found an opulent altar of Gozag.
  1923 | D:2      | Found an iron altar of Okawaru.
  2031 | D:3      | Reached XP level 5. HP: 43/43 MP: 7/7
  2250 | D:3      | Found a sacrificial altar of Ru.
  3221 | D:4      | Noticed a phantom
  3259 | D:4      | Killed a phantom
  3259 | D:4      | Reached XP level 6. HP: 11/50 MP: 8/8
  3624 | D:4      | Slain by an iguana

Skill      XL: |  1  2  3  4  5 |
---------------+----------------+-----
Stealth        | 6 |  6.2
Invocations    | 1 2 |  2.0
Short Blades   | 1 |  1.8
Long Blades    | 1 |  1.8
Axes           | 1 |  1.8
Maces & Flails | 1 |  1.8
Staves         | 1 |  1.8
Slings         | 1 |  1.8
Crossbows      | 1 |  1.8
Throwing       | 1 |  1.8
Shields        | 1 |  1.8
Unarmed Combat | 1 |  1.8
Spellcasting   | 1 |  1.8
Conjurations   | 1 |  1.4
Hexes          | 1 |  1.4
Charms         | 1 |  1.4
Summonings     | 1 |  1.4
Necromancy     | 1 |  1.4
Translocations | 1 |  1.4
Transmutations | 1 |  1.4
Fire Magic     | 1 |  1.4
Ice Magic      | 1 |  1.4
Air Magic      | 1 |  1.4
Earth Magic    | 1 |  1.4
Poison Magic   | 1 |  1.4
Polearms       | 3 |  3.2
Bows           | 3 |  3.2
Armour         | 3 |  3.2
Dodging        | 3 |  3.2
Evocations     | 3 |  3.2
Fighting       | |  4.9

Action                   |  1- 3 |  4- 6 || total
-------------------------+-------+-------++-------
Melee: Spear             |   135 |    71 ||   206
       Bite              |     9 |    25 ||    34
       Trident           |       |   130 ||   130
       Punch             |       |     1 ||     1
 Stab: Sleeping          |     6 |     8 ||    14
  Eat: Chunk             |     2 |     5 ||     7
Armor: Leather armour    |    38 |    46 ||    84
Dodge: Dodged            |   112 |   100 ||   212
